 Dungeon Crawl Stone Soup version 0.18.1-48-g4cf74bf (webtiles) character file.

13381 tyranidshit the Fighter (level 11, -8/93 HPs)
             Began as a Demonspawn Abyssal Knight on Sept 11, 2016.
             Was the Champion of Lugonu.
             Mangled by a ten-headed hydra (9 damage)
             ... on level 1 of the Lair of Beasts.
             The game lasted 00:36:30 (8661 turns).

tyranidshit the Fighter (Demonspawn Abyssal Knight) Turns: 8661, Time: 00:36:32

Health: -8/93      AC: 22    Str: 16    XL:     11   Next: 74%
Magic:  21/21      EV:  9    Int: 14    God:    Lugonu [******]
Gold:   89         SH:  6    Dex: 12    Spells: 0 memorised, 10 levels left

rFire  + . .     SeeInvis .     H - +4 broad axe (vamp)
rCold  . . .     Gourm    +     u - +0 scale mail "Mileisk" {rPois rF- MP+9 Slay+3}
rNeg   . . .     Faith    .     I - +1 buckler {AC+3}
rPois  +         Spirit   .     (helmet restricted)
rElec  .         Dismiss  .     D - +1 cloak of Optimism {*Drain rF++ Regen+ Dex-4}
rCorr  .         Reflect  .     N - +0 pair of gloves
SustAt .         Harm     .     s - +2 pair of boots
MR     .....                    e - amulet of the gourmand
Stlth  ..........               K - +4 ring of slaying
                                A - +4 ring of dexterity

@: not resistant to hostile enchantments, extremely unstealthy
A: horns 2, molten scales 2, powered by death 1, powered by pain 3
a: Depart the Abyss, Bend Space, Banish, Corrupt, Enter the Abyss, Brand Weapon
With Distortion, Renounce Religion


You were on level 1 of the Lair of Beasts.
You worshipped Lugonu.
Lugonu was exalted by your worship.
You were not hungry.

You visited 2 branches of the dungeon, and saw 12 of its levels.
You visited the Abyss 1 time.
You also visited: Sewer.

You collected 550 gold pieces.
You spent 461 gold pieces at shops.

Inventory:

Hand Weapons
 a - a +2 hand axe of draining
 H - a +4 vampiric broad axe (weapon)
Armour
 r - a +0 chain mail of poison resistance
 s - a +2 pair of boots (worn)
 u - the +0 scale mail "Mileisk" (worn) {rPois rF- MP+9 Slay+3}
   (You found it on level 4 of the Dungeon)

   It affects your accuracy and damage with ranged weapons and melee attacks
   (+3).
   It makes you vulnerable to fire.
   It protects you from poison.
   It affects your magic capacity (+9).
 D - the +1 cloak of Optimism (worn) {*Drain rF++ Regen+ Dex-4}
   (You found it on level 4 of the Dungeon)

   It affects your dexterity (-4).
   It greatly protects you from fire.
   It increases your rate of regeneration.
   It causes draining when unequipped.
 I - a +1 buckler of protection (worn)
 L - a +3 chain mail of fire resistance
 N - a +0 pair of gloves (worn)
Jewellery
 b - an uncursed ring of ice
 e - an amulet of the gourmand (around neck)
 j - an uncursed ring of stealth
 t - an uncursed ring of ice
 A - a +4 ring of dexterity (left hand)
 K - a +4 ring of slaying (right hand)
Wands
 d - a wand of acid (0/15)
 h - a wand of slowing (37/48)
 p - a wand of teleportation (3/9)
 z - a wand of acid (0/15)
 F - a wand of acid (11/15)
 J - a wand of heal wounds (6/9)
 M - a wand of teleportation (3/9)
Scrolls
 g - 3 scrolls of teleportation
 i - 3 scrolls of amnesia
 k - a scroll of fear
 m - 2 scrolls of noise
 q - a scroll of silence
 C - 7 scrolls of remove curse
Potions
 f - 9 potions of curing
 o - a potion of haste
 w - a potion of agility
 B - a potion of ambrosia
 G - a potion of flight
 O - a potion of cure mutation
Books
 y - a book of Burglary

   Spells                             Type                      Level
   a - Swiftness                      Charms/Air                   2
   b - Passwall                       Transmutation/Earth          2
   c - Passage of Golubria            Translocation                4
   d - Lee's Rapid Deconstruction     Earth                        5
   e - Darkness                       Hexes                        6
   f - Invisibility                   Hexes                        6
Comestibles
 c - 2 bread rations
 l - 11 fruits
 n - 8 meat rations
 v - 2 beef jerkies
 x - 5 slices of pizza
 E - 13 royal jellies


   Skills:
 - Level 11.1 Fighting
 + Level 9.6 Axes
 + Level 9.9 Armour
 - Level 1.1 Dodging
 + Level 4.9 Shields
 - Level 2.5 Invocations


You had 10 spell levels left.
You didn't know any spells.

Dungeon Overview and Level Annotations

Branches:
Dungeon (11/15)              Lair (1/8) D:10            Orc (0/2) D:11
 Temple: D:4-7

Altars:
Gozag
Qazlal

Shops:
D:4 %   D:8 %   D:9 **

Portals:
Trove: D:11 (lose all piety)

Annotations:
D:8 Prince Ribbit


Innate Abilities, Weirdness & Mutations

You have a pair of horns on your head.
You are mostly covered in molten scales (AC +3, EV -1).
You regenerate a little health from kills.
You are powered by pain.


Message History

You block the ten-headed hydra's attack.
The ten-headed hydra bites you but does no damage.
The ten-headed hydra bites you!
* * * LOW HITPOINT WARNING * * *
You focus on the pain.
You feel your power returning.
The ten-headed hydra closely misses you.
The ten-headed hydra bites you but does no damage. x2
Unknown command.
Read which item? (? for menu, Esc to quit)
Okay, then.
Press: ? - help, Shift-Dir - straight line, f/p - ten-headed hydra
Aim: a ten-headed hydra (chance to defeat MR: 50%)
You fail to use your ability.
The ten-headed hydra bites you.
* * * LOW HITPOINT WARNING * * *
The ten-headed hydra bites you!
* * * LOW HITPOINT WARNING * * *
The ten-headed hydra bites you.
* * * LOW HITPOINT WARNING * * *
The ten-headed hydra bites you!
You die...

#...# ##..... #÷..#
##...... ##÷..# ##.......
#....# ### ##........
#....###.######.........
###.....................
#.......................
#.................††....
###..>..D@................
#P........................
#P........................
#P........................
##.......................#
#.........)..............
#......................##
##....................###
#....................##


You could see a ten-headed hydra.

Vanquished Creatures
  The ghost of GameOver the Transmogrifier, a journeyman NaTm of Okawaru (D:11)
  A hydra (Lair:1)
  Pikel (D:9)
  A manticore (D:10)
  Joseph (D:9)
  Psyche (D:8)
  A spiny frog (Lair:1)
  A queen bee (D:10)
  A boulder beetle (D:8)
  A spriggan (D:7)
  A wraith (D:10)
  12 yaks (D:9)
  A basilisk (Lair:1)
  A wyvern (D:10)
  A steam dragon (D:10)
  A hippogriff (D:10)
  A warg (D:11)
  Menkaure (D:5)
  3 water moccasins
  2 orc warriors
  3 porcupines (Lair:1)
  4 sky beasts
  A slave (D:9)
  2 ice beasts
  2 phantoms (D:8)
  A black bear (D:7)
  2 ogres
  3 centaurs
  A crocodile (D:9)
  A big kobold (D:8)
  11 giant frogs
  3 scorpions
  37 killer bees
  6 howler monkeys
  14 wights
  5 crimson imps
  A giant frog zombie (D:10)
  3 hounds
  4 quasits
  5 orc priests
  2 jellies
  A gnoll shaman (D:10)
  2 giant frog skeletons (D:4)
  3 iguanas
  10 orc wizards
  Ijyb (D:2)
  4 worker ants
  2 hound skeletons (D:4)
  2 howler monkey zombies (D:10)
  2 worker ant zombies
  21 adders
  5 gnolls (D:10)
  A river rat (D:3)
  2 shadow imps
  An ooze (D:1)
  An adder skeleton (D:9)
  3 worms
  2 dart slugs
  8 giant geckos
  42 orcs
  13 giant cockroaches
  5 goblins
  5 hobgoblins
  9 jackals
  4 quokkas
  6 ball pythons
  10 bats
  6 giant newts
  A jackal zombie (D:5)
  8 kobolds
  10 rats
335 creatures vanquished.

Vanquished Creatures (others)
  A hound (D:9)
1 creature vanquished.

Grand Total: 336 creatures vanquished

Notes
Turn   | Place    | Note
--------------------------------------------------------------
     0 | Abyss:1  | tyranidshit the Demonspawn Abyssal Knight began the quest for the Orb.
     0 | Abyss:1  | Reached XP level 1. HP: 18/18 MP: 2/2
    46 | Abyss:1  | Noticed a harpy zombie
    52 | Abyss:1  | Noticed a neqoxec
    52 | D:1      | Escaped the Abyss
    57 | D:1      | Reached skill level 1 in Dodging
    80 | D:1      | Reached * piety under Lugonu
   295 | D:1      | Gained mutation: You sometimes gain a little power by taking damage. [demonic ancestry]
   295 | D:1      | Reached XP level 2. HP: 24/24 MP: 3/3
   707 | D:1      | Reached skill level 4 in Fighting
   763 | D:2      | Noticed Ijyb
   776 | D:2      | Killed Ijyb
   776 | D:2      | Gained mutation: You have a pair of small horns on your head. [demonic ancestry]
   776 | D:2      | Reached XP level 3. HP: 25/31 MP: 4/4
   817 | D:2      | Found a stormy altar of Qazlal.
   839 | D:2      | Found a faded altar to an unknown god.
  1043 | D:2      | Gained mutation: You are partially covered in molten scales (AC +1). [demonic ancestry]
  1043 | D:2      | Reached XP level 4. HP: 38/38 MP: 5/5
  1293 | D:2      | Reached skill level 5 in Fighting
  1360 | D:2      | Reached ** piety under Lugonu
  1717 | D:3      | Gained mutation: You sometimes gain power by taking damage. [demonic ancestry]
  1717 | D:3      | Reached XP level 5. HP: 45/46 MP: 6/6
  1857 | D:3      | Found a glowing drain.
  1866 | Sewer    | Entered a sewer
  1952 | Sewer    | Reached skill level 6 in Fighting
  2041 | Sewer    | Reached *** piety under Lugonu
  2115 | Sewer    | Gained mutation: You are powered by pain. [demonic ancestry]
  2115 | Sewer    | Reached XP level 6. HP: 42/53 MP: 7/7
  2633 | D:4      | Reached skill level 7 in Fighting
  2716 | D:4      | Got a steaming scale mail
  2727 | D:4      | Identified the cursed +0 scale mail "Mileisk" {rPois rF- MP+9 Slay+3} (You found it on level 4 of the Dungeon)
  2734 | D:4      | Found Tat Ahor's Food Shop.
  2999 | D:4      | Got a spiked cloak
  3010 | D:4      | Identified the +1 cloak of Optimism {*Drain rF++ Regen+ Dex-4} (You found it on level 4 of the Dungeon)
  3136 | D:4      | Reached skill level 8 in Fighting
  3136 | D:4      | Reached XP level 7. HP: 57/62 MP: 8/8
  3170 | D:5      | Entered Level 5 of the Dungeon
  3385 | D:5      | Noticed Menkaure
  3527 | D:5      | Killed Menkaure
  3527 | D:5      | Reached skill level 9 in Fighting
  4433 | D:7      | Gained mutation: You have a pair of horns on your head. [demonic ancestry]
  4433 | D:7      | Reached XP level 8. HP: 72/72 MP: 9/9
  4465 | D:7      | Reached skill level 10 in Fighting
  4606 | D:7      | Reached **** piety under Lugonu
  4717 | D:7      | Reached skill level 11 in Fighting
  5062 | D:7      | Gained mutation: You regenerate a little health from kills. [demonic ancestry]
  5062 | D:7      | Reached XP level 9. HP: 77/81 MP: 10/10
  5204 | D:8      | Found an opulent altar of Gozag.
  5373 | D:8      | Reached skill level 5 in Axes
  5373 | D:8      | Reached skill level 5 in Armour
  5400 | D:8      | Noticed Psyche
  5415 | D:8      | Killed Psyche
  5602 | D:8      | Found Lazanun's Food Shop.
  5685 | D:8      | Noticed Prince Ribbit
  6003 | D:9      | Gained mutation: You are mostly covered in molten scales (AC +3, EV -1). [demonic ancestry]
  6003 | D:9      | Reached XP level 10. HP: 87/87 MP: 11/11
  6004 | D:9      | Reached ***** piety under Lugonu
  6330 | D:9      | Noticed Pikel
  6341 | D:9      | Killed Pikel
  6668 | D:9      | Noticed Joseph
  6684 | D:9      | Killed Joseph
  6704 | D:9      | Found Pufilul's General Store.
  6706 | D:9      | Found Kugolari's Assorted Antiques.
  6745 | D:9      | Bought a runed broad axe for 84 gold pieces
  6745 | D:9      | Bought a shiny buckler for 94 gold pieces
  6745 | D:9      | Bought a crooked brass wand for 84 gold pieces
  6745 | D:9      | Bought an onyx ring for 105 gold pieces
  6745 | D:9      | Bought a shiny chain mail for 94 gold pieces
  6820 | D:9      | Reached skill level 1 in Shields
  6951 | D:10     | Entered Level 10 of the Dungeon
  6997 | D:10     | Noticed a manticore
  7010 | D:10     | Killed a manticore
  7010 | D:10     | Reached XP level 11. HP: 66/93 MP: 12/12
  7085 | D:10     | Found a staircase to the Lair.
  7530 | Lair:1   | Entered Level 1 of the Lair of Beasts
  7856 | Lair:1   | Noticed a seven-headed hydra
  7864 | Lair:1   | Killed a seven-headed hydra
  7865 | Lair:1   | Noticed a four-headed hydra
  7877 | Lair:1   | HP: 4/93 [ten-headed hydra (9)]
  8052 | D:11     | Reached ****** piety under Lugonu
  8065 | D:11     | Noticed GameOver's ghost (journeyman NaTm)
  8151 | D:11     | Killed GameOver's ghost
  8244 | D:11     | Found a staircase to the Orcish Mines.
  8358 | D:11     | Found a portal to a secret trove of treasure.
  8661 | Lair:1   | HP: 2/93 [ten-headed hydra (9)]
  8661 | Lair:1   | Mangled by a ten-headed hydra

Skill      XL: |  1  2  3  4  5  6  7  8  9 10 11 |
---------------+----------------------------------+-----
Dodging        | 1 |  1.1
Fighting       | 4 5 6 8 9 11 | 11.1
Axes           | 3 6 8 9 |  9.6
Armour         | 3 6 8 9 |  9.9
Shields        | 1 4 |  4.9
Invocations    | |  2.5

Action                   |  1- 3 |  4- 6 |  7- 9 | 10-12 || total
-------------------------+-------+-------+-------+-------++-------
Melee: Hand axe          |    80 |   249 |   323 |   138 ||   790
       Headbutt          |     4 |    31 |    55 |    71 ||   161
       Broad axe         |       |       |       |   254 ||   254
Invok: Depart the Abyss  |     1 |       |       |       ||     1
       Banish            |       |       |       |     2 ||     2
Evoke: Wand              |       |       |     1 |    23 ||    24
  Use: Scroll            |     2 |     9 |     8 |     5 ||    24
       Potion            |     2 |     6 |     5 |     2 ||    15
 Stab: Sleeping          |       |       |       |     2 ||     2
  Eat: Bread ration      |       |     2 |     2 |     3 ||     7
       Royal jelly       |       |     1 |       |       ||     1
Armor: Leather armour    |    14 |       |       |       ||    14
       Ring mail         |    51 |   134 |       |       ||   185
       Scale mail        |       |    23 |   202 |   303 ||   528
Dodge: Dodged            |    62 |   149 |   204 |   219 ||   634
Block: Buckler           |       |       |       |    90 ||    90
